 Dungeon Crawl Stone Soup version 0.16.2-12-gd0ad4c3 (webtiles) character file.

19 Theosophistos the Ducker (level 2, -22/13 HPs)
             Began as a Spriggan Conjurer on Oct 24, 2015.
             Killed from afar by a rat (32 damage)
             ... with an exploding inner flame
             ... hexed by the player character
             ... on level 1 of the Dungeon.
             The game lasted 00:05:14 (539 turns).

Theosophistos the Ducker (Spriggan Conjurer)         Turns: 539, Time: 00:05:15

Health: -22/13     AC:  3    Str:  4    XL:     2   Next: 55%
Magic:  8/8        EV: 18    Int: 16    God:
Gold:   33         SH:  0    Dex: 16    Spells: 1 memorised, 6 levels left

rFire  . . .     SeeInvis +     j - +0 short sword
rCold  . . .     Clarity  .     a - +0 robe
rNeg   . . .     SustAb   .     (shield restricted)
rPois  .         Gourm    .     (helmet restricted)
rElec  .         Spirit   .     h - +0 cloak
rCorr  .         Warding  .     (gloves unavailable)
rMut   .         Stasis   .     (boots unavailable)
MR     .....                    (no amulet)
Stlth  +++.......               (no ring)
                                (no ring)

@: very quick, not resistant to hostile enchantments, fairly stealthy
A: unfitting armour, see invisible, herbivore 3, speed 3, slow metabolism 2
a: no special abilities


You were on level 1 of the Dungeon.
You were not hungry.

You visited 1 branch of the dungeon, and saw 1 of its levels.

You collected 33 gold pieces.

Inventory:

Hand weapons
 g - a +0 whip
 j - a +0 short sword (weapon)
Missiles
 d - 46 stones (quivered)
Armour
 a - a +0 robe (worn)
 h - a +0 cloak (worn)
Potions
 e - a potion of mutation {unknown}
 k - a potion of curing {unknown}
Books
 c - a book of Conjurations

   Spells                             Type                      Level
   a - Magic Dart                     Conjuration                  1
   b - Searing Ray                    Conjuration                  2
   c - Dazzling Spray                 Conjuration/Hexes            3
   d - Fulminant Prism                Conjuration/Hexes            4
   e - Iskenderun's Mystic Blast      Conjuration                  4
   f - Iskenderun's Battlesphere      Conjuration/Charms           5
Comestibles
 b - a bread ration


   Skills:
 + Level 3.4 Dodging
 + Level 3.1 Stealth
 + Level 3.0 Spellcasting
 + Level 3.2 Conjurations


You had 6 spell levels left.
You knew the following spells:

 Your Spells              Type           Power        Failure   Level  Hunger
a - Magic Dart            Conj           ##..         6%          1    #......


Dungeon Overview and Level Annotations

Branches:
Dungeon (1/15)

Altars:


Innate Abilities, Weirdness & Mutations

You are tiny and cannot use many weapons and most armour.
You have supernaturally acute eyesight.
You are a herbivore.
You cover ground extremely quickly.
You need consume almost no food.


Message History

Blink to where?
Press: ? - help, Dir - move target cursor, f - rat
Aim: a rat Oops!
There was something there already!
You blink.
As you read the scroll labeled CIBADEHENT, it crumbles to dust.
It was a scroll of blinking.
Read which item? (? for menu, Esc to quit)
As you read the scroll labeled ASIZUO DORUOZ, it crumbles to dust.
You feel blessed for a moment.
It was a scroll of remove curse.
Read which item? (? for menu, Esc to quit)
As you read the scroll labeled STIYSASIRHE, it crumbles to dust.
The creatures around you are filled with an inner flame!
It was a scroll of immolation.
You see here a scroll labeled OTAUGG FATUSMA.
You hit the rat.
The rat explodes!
The fiery explosion engulfs you!
Ouch! That really hurt!
You die...

## #...# #.......# ..
#...#########.# ##
+.......# #.# # #...###.#
#.# # ####...###.# #.# #
####........#.# #.# ##
#...........#.# #.# .####
#....§§.....#.# #.# ....#
#...§§@.....#.#####.# ....#
#...§§§.....#.......# ....#
#...........#.#######.#
....#
#...........#.........#
..).#
.###...........#.#########
....# ....................#
##..##.#..#...........#.#.#
##.##.#..# ..#########.#.#
###.##.#..# ######.#.#


There were no monsters in sight!

Vanquished Creatures
  A ball python (D:1)
  2 bats (D:1)
  A hobgoblin (D:1)
  9 jackals (D:1)
  3 kobolds (D:1)
  3 rats (D:1)
19 creatures vanquished.

Notes
Turn   | Place    | Note
--------------------------------------------------------------
     0 | D:1      | Theosophistos, the Spriggan Conjurer, began the quest for the Orb.
     0 | D:1      | Reached XP level 1. HP: 9/9 MP: 4/4
   267 | D:1      | Reached XP level 2. HP: 13/13 MP: 3/7
   539 | D:1      | Killed from afar by a rat

Action                   || total
-------------------------++-------
Melee: Whip              ||    21
       Short sword       ||    27
 Cast: Magic Dart        ||    20
  Use: Scroll            ||     3
